 Dungeon Crawl Stone Soup version 0.31-a0-968-g24f9ace8b5 (webtiles) character file.

Game seed: 6659261662941171781

14383 croobank the Cleaver (level 11, 0/94 HPs)
             Began as a Red Draconian Delver on Oct 27, 2023.
             Was a Believer of Lugonu.
             Slain by a cyclops (14 damage)
             ... on level 11 of the Dungeon.
             The game lasted 00:45:52 (14518 turns).

croobank the Cleaver (Red Draconian Delver)        Turns: 14518, Time: 00:45:52

Health: 0/94       AC:  7    Str: 15    XL:     11   Next: 88%
Magic:  0/19       EV: 13    Int: 14    God:    Lugonu [**....]
Gold:   650        SH:  0    Dex: 13    Spells: 14/20 levels left

rFire   + . .        k - +3 broad axe (flame)
rCold   . . .        (no shield)
rNeg    . . .        (body armour unavailable)
rPois   .            (helmet restricted)
rElec   .            (no cloak)
rCorr   .            (no gloves)
SInv    .            (no boots)
Will    .....        o - amulet of guardian spirit
Stlth   +++          (no ring)
HPRegen 0.35/turn    (no ring)
MPRegen 0.16/turn

%: guardian spirit
@: no status effects
A: breathe fire, AC +7, unfitting armour, fire resistance 1, cold-blooded
a: Breathe Fire, Renounce Religion, Depart the Abyss, Banish


You were on level 11 of the Dungeon.
You worshipped Lugonu.
Lugonu was pleased with you.
You visited 2 branches of the dungeon, and saw 12 of its levels.
You visited the Abyss 1 time.

You collected 650 gold pieces.

Inventory:

Hand Weapons
 a - a +4 dagger of speed
 k - a +3 broad axe of flaming (weapon)
 n - a +0 long sword
 q - a +1 vampiric dagger
 z - a +2 short sword of speed
 D - a +2 short sword of electrocution
 M - a +5 short sword
 N - a +3 dagger
 O - a +2 sling of flaming
Missiles
 m - 4 atropa-tipped darts
 t - 47 poisoned darts (quivered)
 w - 6 javelins
 y - 16 boomerangs
 C - 3 curare-tipped darts
 P - 2 throwing nets
Jewellery
 e - a ring of ice
 h - a ring of protection from cold
 o - an amulet of guardian spirit (around neck)
 p - a ring of see invisible
 v - a ring of flight
 L - an amulet of the acrobat
Wands
 f - a wand of digging (3)
 A - a wand of quicksilver (5)
 I - a wand of polymorph (9)
Scrolls
 b - 3 scrolls of fog
 c - 2 scrolls of revelation
 g - a scroll of amnesia
 i - 8 scrolls of teleportation
 j - a scroll of brand weapon
 G - a scroll of silence
 J - a scroll of blinking
 K - 4 scrolls of identify
 R - 3 scrolls of butterflies
 S - 2 scrolls of enchant weapon
Potions
 l - 2 potions of mutation
 r - 2 potions of lignification
 u - a potion of attraction
 x - a potion of resistance
 B - a potion of cancellation
Miscellaneous
 H - a phantom mirror


   Skills:
 - Level 8.2(4.2) Fighting
 - Level 7.0(3.5) Short Blades
 + Level 10.1(6.1) Axes
 - Level 6.4(3.2) Dodging
 - Level 8.3(4.3) Stealth
 - Level 5.4(2.7) Spellcasting
 - Level 4.0(2.0) Conjurations
 - Level 4.0(2.0) Air Magic
 - Level 4.0(2.0) Poison Magic


You had 14 spell levels left.
You knew the following spells:

 Your Spells              Type           Power      Damage    Failure   Level
a - Mephitic Cloud        Conj/Pois/Air  7%         N/A       28%         3
b - Swiftness             Air            7%         N/A       28%         3

Your spell library contained the following spells:

 Spells                   Type           Power      Damage    Failure   Level
 Magic Dart               Conj           28%        1d4       10%         1
 Momentum Strike          Conj/Tloc      8%         3d8       22%         2
 Call Imp                 Summ           2%         N/A       32%         2
 Ensorcelled Hibernation  Hex/Ice        2%         N/A       32%         2
 Passwall                 Tmut/Erth      0%         N/A       32%         2
 Ozocubu's Refrigeration  Ice            0%         4d7       100%        7
 Polar Vortex             Ice            0%         N/A       100%        9


Dungeon Overview and Level Annotations

Branches:
Dungeon (11/15)            Temple (1/1) D:7            Lair (0/5) D:11
    Orc: D:9-12

Altars:
Ashenzari
Cheibriados
Dithmenos
Elyvilon
Fedhas
Gozag
Hepliaklqana
Kikubaaqudgha
Makhleb
Nemelex Xobeh
Okawaru
Qazlal
Ru
Sif Muna
Trog
Uskayaw
Vehumet
Wu Jian
Xom
Yredelemnul
Zin
The Shining One

Annotations:
D:5 exclusion: downstairs


Innate Abilities, Weirdness & Mutations

You can breathe blasts of fire.
Your fiery red scales are hard. (AC +7)
You cannot fit into any form of body armour.
Your flesh is heat resistant. (rF+)
You are cold-blooded and may be slowed by cold attacks.


Message History

You barely miss the vampire mosquito. The vampire mosquito bites you.
The vampire mosquito draws strength from your injuries!
The vampire mosquito bites you.
The vampire mosquito draws strength from your injuries!
The cyclops hits you.
You barely miss the cyclops.
The cyclops is lightly wounded.
You hit the vampire mosquito but do no damage.
The vampire mosquito bites you!
The vampire mosquito draws strength from your injuries!
The vampire mosquito closely misses you.
The cyclops barely misses you.
The vampire mosquito closely misses you.
You slash the cyclops! You burn the cyclops.
The cyclops is heavily wounded.
You miss the vampire mosquito.
The vampire mosquito closely misses you.
The vampire mosquito bites you but does no damage.
The cyclops hits you!!
* * * LOW HITPOINT WARNING * * *
You slash the cyclops! You burn the cyclops.
The cyclops is severely wounded.
You miss the vampire mosquito. The vampire mosquito barely misses you.
The vampire mosquito closely misses you. x2
The cyclops closely misses you.
Okay, then.
As you read the scroll of fear, it crumbles to dust.
You assume a fearsome visage.
The cyclops looks frightened!
The vampire mosquito is unaffected.
The vampire mosquito barely misses you. The vampire mosquito bites you.
* * * LOW HITPOINT WARNING * * *
The vampire mosquito draws strength from your injuries!
You miss the vampire mosquito.
Your tail-slap misses the vampire mosquito.
The vampire mosquito is moderately damaged.
You hit the cyclops. You burn the cyclops.
Your attack snaps the cyclops out of its fear.
The vampire mosquito closely misses you.
The cyclops hits you!
You die...

# #.# # #. #.# #
#.# ### #.# ## ..#
#.. ..# #. #.# #.#
#.# #. # #..#.#
#.# #. ###.#.#.##
#.# #.
.........#######.#
#.
###.##.#....)C@y.#
.<###
#....######.#
.....
####.######.#
##.####
#.#####.........
...#
#.......###.#####
#..####
######..##..######
#......
#..#........#
##.####
#..##..####.# #.#
#.))...#
#.#######.####


You could see a cyclops and a vampire mosquito.

Vanquished Creatures
  Fannar (D:11)
  Erolcha (D:11)
  A boulder beetle (D:9)
  2 two-headed ogres
  Amaemon (D:8)
  A cyclops (D:9)
  An orange demon (D:8)
  A smoke demon (Abyss:1)
  Maggie (D:10)
  2 kobold demonologists
  2 trolls
  A hornet (D:10)
  2 slime creatures (D:9)
  3 wraiths
  A shadow (D:9)
  3 wyverns (D:11)
  17 yaks
  A vampire mosquito (D:10)
  Duvessa (D:6)
  An acid dragon (D:9)
  2 water moccasins (D:11)
  2 black bears (D:5)
  An ice beast (D:7)
  3 orc warriors
  A centaur (D:6)
  A phantom (D:6)
  7 kobold brigands
  4 bullfrogs
  A gnoll sergeant (D:10)
  3 scorpions (D:6)
  17 wights
  Dowan (D:6)
  11 killer bees (D:8)
  2 howler monkeys
  A jelly (D:8)
  3 gnoll boudas
  7 hounds
  3 orc priests
  4 iguanas
  A sleepcap (D:4)
  3 orc wizards
  18 gnolls
  14 adders
  2 shadow imps
  2 white imps
  2 ufetubi (D:5)
  3 worms
  A dart slug (D:1)
  17 orcs
  9 bats
  3 endoplasms
  4 giant cockroaches
  13 hobgoblins
  28 kobolds
  6 quokkas
  11 ball pythons
  2 frilled lizards
  5 goblins
  A rat (D:1)
263 creatures vanquished.

Notes
Turn   | Place    | Note
-------+----------+-------------------------------------------
     0 | D:5      | croobank the Draconian Delver began the quest for the Orb.
     0 | D:5      | Reached XP level 1. HP: 19/19 MP: 1/1
     1 | D:6      | Noticed a scorpion
     1 | D:6      | Noticed an orc warrior
     1 | D:6      | Noticed an orc priest
    40 | D:5      | Reached XP level 2. HP: 13/26 MP: 2/2
   220 | D:5      | Found a white marble altar of Elyvilon.
   340 | D:5      | Noticed a black bear
   366 | D:4      | Reached XP level 3. HP: 21/33 MP: 3/3
   647 | D:5      | Noticed a black bear
   938 | D:2      | Found a faded altar of an unknown god.
   981 | D:1      | Reached XP level 4. HP: 38/40 MP: 4/4
  1066 | D:1      | Reached skill level 5 in Stealth
  1996 | D:2      | Reached XP level 5. HP: 46/46 MP: 5/5
  2586 | D:3      | Identified the +5 rapier of Fate {elec, rPois rF- rN+
                  | Dex+3}
  3171 | D:4      | Reached XP level 6. HP: 47/53 MP: 7/7
  3196 | D:4      | Found a shimmering altar of Xom.
  3201 | D:4      | Found a radiant altar of Vehumet.
  3384 | D:4      | Reached skill level 1 in Spellcasting
  4194 | D:5      | Reached skill level 5 in Fighting
  4194 | D:5      | Your scales start taking on a fiery red colour.
  4194 | D:5      | Reached XP level 7. HP: 35/61 MP: 9/9
  4194 | D:5      | Gained mutation: Your flesh is heat resistant. (rF+) [Red
                  | Draconian growth]
  5782 | D:6      | Reached XP level 8. HP: 15/70 MP: 10/12
  6120 | D:6      | Noticed Duvessa
  6138 | D:6      | Noticed Dowan
  6144 | D:6      | Killed Dowan
  6158 | D:6      | Killed Duvessa
  6515 | D:6      | Reached skill level 5 in Short Blades
  6916 | D:6      | Found a basalt altar of Yredelemnul.
  6916 | D:6      | Found a snail-covered altar of Cheibriados.
  7073 | D:6      | Found a stormy altar of Qazlal.
  7289 | D:7      | Found an ancient bone altar of Kikubaaqudgha.
  7312 | D:7      | Reached skill level 5 in Dodging
  7364 | D:7      | Found a staircase to the Ecumenical Temple.
  7399 | D:7      | Learned a level 3 spell: Mephitic Cloud
  7400 | Temple   | Entered the Ecumenical Temple
  7409 | Temple   | Became a worshipper of Ashenzari the Shackled
  8241 | D:8      | Reached XP level 9. HP: 59/78 MP: 14/14
  8256 | D:8      | Reached skill level 1 in Poison Magic
  8263 | D:8      | Reached skill level 1 in Conjurations
  8263 | D:8      | Reached skill level 1 in Air Magic
  8897 | D:8      | Noticed Amaemon
  8907 | D:8      | Noticed an orange demon
  8913 | D:8      | Killed Amaemon
  8929 | D:8      | Killed an orange demon
  9143 | D:8      | Noticed a two-headed ogre
  9154 | D:8      | a two-headed ogre changed into a troll
  9154 | D:8      | Noticed a troll
  9161 | D:8      | Killed a troll
  9562 | D:9      | Identified the of Vograveo
  9575 | D:9      | Noticed a kobold demonologist
  9579 | D:9      | Noticed a rust devil
  9584 | D:9      | Killed a kobold demonologist
  9585 | D:9      | Reached XP level 10. HP: 79/86 MP: 13/17
 10130 | D:9      | Found an ornate altar of the Wu Jian Council.
 10222 | D:9      | Noticed a two-headed ogre
 10236 | D:9      | Killed a two-headed ogre
 10237 | D:9      | Reached skill level 5 in Spellcasting
 10753 | D:9      | Noticed a boulder beetle
 10785 | D:9      | Learned a level 3 spell: Swiftness
 10836 | D:9      | Killed a boulder beetle
 11573 | D:9      | Noticed a cyclops
 11584 | D:9      | Killed a cyclops
 11585 | D:9      | Reached skill level 2 in Axes
 11990 | D:9      | Identified the +2 helmet of the Moon {Regen+ Dex+3 Slay+2}
 11991 | D:9      | Reached * piety under Ashenzari
 12068 | D:9      | Reached skill level 3 in Axes
 12068 | D:9      | Reached XP level 11. HP: 24/90 MP: 6/19
 12555 | D:10     | Entered Level 10 of the Dungeon
 12571 | D:10     | Reached skill level 4 in Axes
 12957 | D:10     | Reached skill level 5 in Axes
 13007 | D:10     | Noticed Maggie
 13014 | D:10     | Killed Maggie
 13175 | D:10     | Noticed a two-headed ogre
 13184 | D:10     | Killed a two-headed ogre
 13185 | D:10     | Reached skill level 6 in Axes
 13351 | D:10     | Reached ** piety under Ashenzari
 13548 | D:10     | Reached skill level 7 in Axes
 13776 | D:11     | Noticed Fannar
 13789 | D:11     | Killed Fannar
 13849 | D:11     | Reached skill level 8 in Axes
 13956 | D:11     | Reached skill level 9 in Axes
 13962 | D:11     | Noticed Erolcha
 13962 | Abyss:1  | Found a corrupted altar of Lugonu.
 13962 | Abyss:1  | Cast into level 1 of the Abyss (Erolcha)
 13963 | Abyss:1  | Found a corrupted altar of Lugonu.
 14053 | Abyss:1  | Fell from the grace of Ashenzari
 14053 | Abyss:1  | Became a worshipper of Lugonu the Unformed
 14053 | Abyss:1  | Reached * piety under Lugonu
 14053 | Abyss:1  | Reached ** piety under Lugonu
 14054 | D:11     | Escaped the Abyss
 14056 | D:11     | Found a staircase to the Lair.
 14072 | D:11     | Killed Erolcha
 14292 | D:10     | Reached skill level 10 in Axes
 14518 | D:11     | Slain by a cyclops

Illustrated notes

Levels and vault maps discovered:
D:1:      minmay_arrival_stair_chambers, layout_basic
D:2:      layout_basic, dreamdust_ecumenical_altar_grove, minmay_snake_closets
D:3:      layout_loops_ring, cheibrodos_gnoll_hut
D:4:      layout_cave_pools, mainiacjoe_overflow_big_doors, serial_bayou_ford_a,
          chequers_serial_rivers_large_a, nrook_uturn
D:5:      layout_loops_corners, old_standard_altar
D:6:      layout_layer_cave, nicolae_qazlal_general_emergency,
          grunt_temple_overflow_open, nicolae_concentric_dashed_squares_mild,
          uniq_duvessa
D:7:      layout_loops_ring, kiku_gazebo_pond_becter,
          minmay_temple_entry_slanted
D:8:      layout_loops_cross, chequers_decorated_corner, uniq_amaemon
D:9:      minmay_the_grid_four_pointed_star
          [minmay_the_grid_triangle_9x9_warning,
          minmay_the_grid_triangle_9x9_odd_lines,
          minmay_the_grid_triangle_9x9_corruption,
          minmay_the_grid_triangle_9x9_pentomino_pain,
          minmay_the_grid_prize_diamond_cup], layout_cave_pods,
          nicolae_wu_jian_immortal_techniques
D:10:     layout_roguey, minmay_misc_feat_more_columns, uniq_maggie
D:11:     layout_loops_ring, minmay_lair_entry_grove, uniq_fannar, uniq_erolcha
Temple:   nicolae_temple_two_arcs

Skill      XL: |  1  2  3  4  5  6  7  8  9 10 11 |
---------------+----------------------------------+-----
Dodging        | 2 3 4 5 6 |  6.4
Stealth        | 5 6 7 8 |  8.3
Fighting       | 4 5 6 7 8 |  8.2
Short Blades   | 3 4 5 6 7 |  7.0
Spellcasting   | 1 2 3 4 5 |  5.4
Poison Magic   | 2 4 |  4.0
Conjurations   | 2 4 |  4.0
Air Magic      | 2 4 |  4.0
Axes           | 3 10 | 10.1

Action                     |  1- 3 |  4- 6 |  7- 9 | 10-12 || total
---------------------------+-------+-------+-------+-------++-------
  Melee: Short sword       |   123 |   288 |   119 |       ||   530
         Tailslap          |    13 |    46 |    50 |    57 ||   166
         Punch             |     1 |     2 |     1 |     6 ||    10
         Dagger            |       |       |   246 |   173 ||   419
         Broad axe         |       |       |       |   195 ||   195
  Throw: Dart              |       |    11 |     2 |     9 ||    22
         Throwing net      |       |       |     1 |     1 ||     2
   Cast: Mephitic Cloud    |       |       |     7 |    29 ||    36
         Swiftness         |       |       |       |     1 ||     1
 Invoke: Curse Item        |       |       |       |     3 ||     3
         Depart the Abyss  |       |       |       |     1 ||     1
Ability: Breathe Fire      |       |       |    25 |    25 ||    50
  Evoke: Wand              |       |       |     9 |     4 ||    13
         Phantom mirror    |       |       |       |     1 ||     1
    Use: Scroll            |       |     4 |    14 |     7 ||    25
         Potion            |       |       |     8 |     9 ||    17
   Stab: Sleeping          |     2 |    23 |     2 |     2 ||    29
         Confused          |       |       |     3 |    14 ||    17
         Held in net/web   |       |       |       |     1 ||     1
 Armour: Skin              |    58 |   148 |   162 |   231 ||   599
  Dodge: Dodged            |    82 |   154 |   173 |   194 ||   603

Table legend: (Time is in decaauts)
 A = Elapsed time spent in this place.
 B = Non-inter-level travel time spent in this place.
 C = Inter-level travel time spent in this place.
 D = Time resting spent in this place.
 E = Time spent auto-exploring this place.
 F = Levels seen in this place.
 G = Mean time per level.
                   A        B        C        D        E       F      G
               +--------+--------+--------+--------+--------+-----+--------+
         Total |  14299 |  13811 |    488 |   4108 |   6956 |  13 | 1099.9 |
       Dungeon |  14172 |  13701 |    471 |   4108 |   6956 |  11 | 1288.4 |
        Temple |     18 |      1 |     17 |      0 |      0 |   1 |   18.0 |
         Abyss |    108 |    108 |      0 |      0 |      0 |   1 |  108.0 |
               +--------+--------+--------+--------+--------+-----+--------+

Top non-repeatable levels by time:
     D:9: 2520 daAuts
     D:6: 2028 daAuts
     D:8: 1766 daAuts
     D:5: 1409 daAuts
    D:10: 1392 daAuts
     D:4: 1343 daAuts
     D:3: 924 daAuts
     D:2: 876 daAuts
     D:7: 824 daAuts
     D:1: 572 daAuts
    D:11: 515 daAuts
 Abyss:1: 108 daAuts
  Temple: 18 daAuts
